 Dungeon Crawl Stone Soup version 0.24-a0-250-g6074511 (webtiles) character file.

Game seed: 8804206324341074278

1131 Hylith the Skirmisher (level 8, -5/71 HPs)
             Began as a Hill Orc Fighter on Apr 14, 2019.
             Was a Follower of Makhleb.
             Slain by a mummy (12 damage)
             ... in an ossuary.
             The game lasted 00:09:36 (4309 turns).

Hylith the Skirmisher (Hill Orc Fighter)            Turns: 4309, Time: 00:09:36

Health: -5/71      AC:  9    Str: 21    XL:     8   Next: 36%
Magic:  11/11      EV:  8    Int:  8    God:    Makhleb [*.....]
Gold:   111        SH: 10    Dex: 10    Spells: 7/7 levels left

rFire    + . .     SeeInvis .   a - +0 flail
rCold    + . .     Gourm    .   c - +0 shield
rNeg     . . .     Faith    .   g - +1 scale mail {rF+}
rPois    +         Spirit   .   p - +0 helmet
rElec    .         Reflect  .   (no cloak)
rCorr    .         Harm     .   (no gloves)
MR       .....                  (no boots)
Stlth    ..........             (no amulet)
HPRegen  0.21/turn              k - ring of poison resistance (curse)
MPRegen  0.12/turn              B - ring of protection from cold

@: marked
A: no striking features
a: Renounce Religion


You were in an ossuary.
You worshipped Makhleb.
Makhleb was aware of your devotion.
You were hungry.

You visited 2 branches of the dungeon, and saw 7 of its levels.
You also visited: Ossuary.

You collected 258 gold pieces.
You spent 147 gold pieces at shops.

Inventory:

Hand Weapons
 a - a +0 flail (weapon)
Missiles
 s - 5 tomahawks (quivered)
Armour
 c - a +0 shield (worn)
 g - a +1 scale mail of fire resistance (worn)
 p - a +0 helmet (worn)
Jewellery
 k - a cursed ring of poison resistance (left hand)
 B - a ring of protection from cold (right hand)
Wands
 D - a wand of flame (26)
Scrolls
 b - 2 scrolls of blinking {unknown}
 h - 2 scrolls of enchant armour
 l - a scroll of enchant weapon {unknown}
 m - a scroll of fear {unknown}
 o - 4 scrolls of remove curse
 r - a scroll of amnesia {unknown}
 x - a scroll of magic mapping {unknown}
 y - a scroll of fog {unknown}
 z - a scroll of identify
 A - a scroll of immolation {unknown}
 C - a scroll of teleportation {unknown}
Potions
 d - a potion of might
 e - 3 potions of lignification
 i - a potion of heal wounds {unknown}
 j - 3 potions of resistance
 n - a potion of flight {unknown}
 q - 3 potions of degeneration {unknown}
 t - 2 potions of curing {unknown}
 u - a potion of agility {unknown}
 v - 2 potions of magic {unknown}
 w - a potion of cancellation {unknown}
Comestibles
 f - 5 rations
 E - 2 chunks of flesh


   Skills:
 + Level 6.4 Fighting
 + Level 5.2 Maces & Flails
 + Level 5.8 Armour
 + Level 5.8 Shields
 + Level 4.3 Invocations
 + Level 0.7 Evocations


You had 7 spell levels left.
You didn't know any spells.
Your spell library was empty.

Dungeon Overview and Level Annotations

Branches:
Dungeon (6/15)             Temple (1/1) D:4

Altars:
Ashenzari
Cheibriados
Dithmenos
Elyvilon
Gozag
Hepliaklqana
Kikubaaqudgha
Makhleb
Okawaru
Qazlal
Ru
Sif Muna
Trog
Uskayaw
Xom
Yredelemnul
Zin

Shops:
D:4 *   D:5 =

Annotations:
D:5 3 runed translucent doors, feelmyfire's ghost, novice MfGl


Message History

The elf zombie is moderately damaged.
You block the elf zombie's attack. The mummy hits you.
* * * LOW HITPOINT WARNING * * *
You sock the elf zombie!
The elf zombie is heavily damaged.
The elf zombie hits you but does no damage.
You sock the elf zombie!
The elf zombie is severely damaged.
You block the elf zombie's attack. You block the mummy's attack.
You closely miss the elf zombie.
The elf zombie is severely damaged.
You block the elf zombie's attack. The mummy hits you.
* * * LOW HITPOINT WARNING * * *
You hit the elf zombie.
The elf zombie is severely damaged.
You block the elf zombie's attack.
You thump the elf zombie!
The elf zombie is severely damaged.
The elf zombie barely misses you. The mummy hits you!
You die...

..................#
..................#
......8..8........#
..................#
.######..######...#
#.^# #...# #.Z#
#...#
#.####ZZ####.#...#
#ZZZ@MMZ.....#...#
#Z####ZZ.....#...#
#.......#...#
#.......#...#
#.∩.....#...#
....+####...# #...#
#...# #...# #...#
##############...#


You could see 2 mummies, a rat zombie, 3 hobgoblin zombies, 2 kobold zombies, a
big kobold zombie, an orc zombie and 2 elf zombies.

Vanquished Creatures
  Sigmund (D:4)
  An ogre (D:4)
  A centaur (D:5)
  A bullfrog (D:6)
  2 scorpions
  A howler monkey (D:4)
  A centaur zombie (Ossuary)
  A human zombie (Ossuary)
  2 hounds (D:4)
  An orc priest (D:4)
  A jelly (D:5)
  4 iguanas
  4 worker ants
  A big kobold zombie (Ossuary)
  6 adders
  3 gnolls (D:4)
  2 shadow imps (D:5)
  An ooze (D:3)
  2 worms (D:3)
  3 dart slugs
  2 leopard geckos
  5 orcs
  4 giant cockroaches
  5 goblins
  7 hobgoblins
  2 jackals (D:6)
  2 quokkas
  A ball python skeleton (D:4)
  5 bats
  6 frilled lizards
  2 goblin zombies
  5 hobgoblin zombies (Ossuary)
  6 kobolds
  4 kobold zombies (Ossuary)
  7 orc zombies (Ossuary)
  A quokka skeleton (D:4)
  A quokka zombie (D:6)
  6 rats
110 creatures vanquished.

Vanquished Creatures (others)
  2 fungi (D:5)
  2 plants (D:5)
4 creatures vanquished.

Grand Total: 114 creatures vanquished

Notes
Turn   | Place    | Note
-------+----------+-------------------------------------------
     0 | D:1      | Hylith the Hill Orc Fighter began the quest for the Orb.
     0 | D:1      | Reached XP level 1. HP: 19/19 MP: 1/1
   171 | D:1      | Reached XP level 2. HP: 22/27 MP: 2/2
   342 | D:2      | Found a sacrificial altar of Ru.
   373 | D:2      | Reached skill level 4 in Fighting
   377 | D:2      | Reached XP level 3. HP: 29/33 MP: 3/3
   517 | D:2      | Found a shattered altar of Ashenzari.
   517 | D:2      | Found an ancient bone altar of Kikubaaqudgha.
   659 | D:2      | Found a stormy altar of Qazlal.
   805 | D:2      | Reached XP level 4. HP: 17/40 MP: 4/4
  1644 | D:3      | Reached XP level 5. HP: 44/47 MP: 5/5
  1927 | D:4      | Found a staircase to the Ecumenical Temple.
  1934 | Temple   | Entered the Ecumenical Temple
  1961 | Temple   | Became a worshipper of Makhleb the Destroyer
  2043 | D:4      | Reached skill level 1 in Invocations
  2113 | D:4      | Reached XP level 6. HP: 30/55 MP: 6/6
  2298 | D:4      | Noticed Sigmund
  2299 | D:4      | Found a bloodstained altar of Trog.
  2318 | D:4      | Killed Sigmund
  2318 | D:4      | Reached skill level 5 in Fighting
  2567 | D:4      | Reached skill level 5 in Armour
  2567 | D:4      | Reached XP level 7. HP: 49/61 MP: 8/8
  2615 | D:4      | Reached skill level 5 in Shields
  2616 | D:4      | Found Fenow's Assorted Antiques.
  2630 | D:4      | Bought a scroll labeled RIKHLI KITT for 30 gold pieces
  2630 | D:4      | Bought a scroll labeled GUNTOM HOIT for 30 gold pieces
  2630 | D:4      | Bought a scroll of identify for 60 gold pieces
  2630 | D:4      | Bought an inky potion for 27 gold pieces
  3012 | D:4      | Found a shattered altar of Ashenzari.
  3321 | D:5      | Entered Level 5 of the Dungeon
  3471 | D:5      | Reached * piety under Makhleb
  3471 | D:5      | Reached skill level 6 in Fighting
  3471 | D:5      | Reached XP level 8. HP: 43/70 MP: 10/10
  3585 | D:5      | Reached skill level 5 in Maces & Flails
  3590 | D:5      | Found Egoc's Jewellery Shop.
  3720 | D:5      | Found a runed translucent gate.
  3722 | D:5      | Found a runed translucent gate.
  3722 | D:5      | Found a runed translucent gate.
  3733 | D:5      | Noticed feelmyfire's ghost (novice MfGl)
  4174 | D:6      | Found a sand-covered staircase.
  4190 | Ossuary  | Entered an ossuary
  4309 | Ossuary  | Slain by a mummy

Levels and vault maps discovered:
D:1:      scummos_arrival_star, layout_rooms
D:2:      layout_basic, lemuel_crystal_altar, gammafunk_temple_overflow_wave,
          palyth_stone_intersect, nicolae_ru_sacrificial_ziggurat
D:3:      layout_loops_cross, first_ration, minmay_liquid_box
D:4:      layout_basic, bloody_trog, minmay_temple_entry_junction_2,
          serial_glass, glass_columns_a, glass_columns_b, serial_shops,
          nicolae_shop_trees, ashenzari_altar_1, uniq_sigmund
D:5:      layout_basic, serial_shops, shop, gammafunk_ghost_nasty_kobolds
D:6:      layout_rooms, enter_ossuary_4, minmay_misc_feat_columns,
          minmay_joined_circles
Temple:   regret_index_temple_mists
Ossuary:  ossuary_tomb_1

Skill      XL: |  1  2  3  4  5  6  7  8 |
---------------+-------------------------+-----
Fighting       | 4 5 6 |  6.4
Maces & Flails | 3 4 5 |  5.2
Armour         | 4 5 |  5.8
Shields        | 4 5 |  5.8
Invocations    | 1 2 3 4 |  4.3
Evocations     | |  0.7

Action                   |  1- 3 |  4- 6 |  7- 9 || total
-------------------------+-------+-------+-------++-------
Melee: Flail             |   111 |   147 |   216 ||   474
Throw: Tomahawk          |       |       |     2 ||     2
  Use: Scroll            |       |     2 |     4 ||     6
  Eat: Chunk             |       |     5 |     6 ||    11
Armor: Scale mail        |    48 |    67 |    71 ||   186
Dodge: Dodged            |    38 |    32 |    58 ||   128
Block: Shield            |    59 |    60 |   107 ||   226

Table legend:
 A = Non-vault XP
 B = Vault XP
 C = Vault XP percentage of total XP
 D = Non-vault monster count
 E = Vault monster count
 F = Vault count percentage of total count
                 A         B        C        D         E       F
            +---------+---------+-------+---------+---------+-------
      Total |    1235 |     381 |  23.6 |      87 |      23 |  20.9
            +---------+---------+-------+---------+---------+-------
        D:1 |      16 |       0 |   0.0 |      11 |       0 |   0.0
        D:2 |     111 |       0 |   0.0 |      25 |       0 |   0.0
        D:3 |      83 |       0 |   0.0 |      15 |       0 |   0.0
        D:4 |     559 |     242 |  30.2 |      23 |       1 |   4.2
        D:5 |     359 |       0 |   0.0 |       9 |       0 |   0.0
        D:6 |     107 |       2 |   1.8 |       4 |       2 |  33.3
    Ossuary |       0 |     137 | 100.0 |       0 |      20 | 100.0
            +---------+---------+-------+---------+---------+-------
